 Dungeon Crawl Stone Soup version 0.28.0-43-g3370ac3207 (webtiles) character file.

Game seed: 15604774483726229847

5 Arctor the Grave Robber (level 1, 0/13 HPs)
             Began as a Vampire Necromancer on Mar 10, 2022.
             Slain by a jackal (1 damage)
             ... on level 1 of the Dungeon.
             The game lasted 00:00:16 (111 turns).

Arctor the Grave Robber (Vampire Necromancer)        Turns: 111, Time: 00:00:17

Health: 0/13       AC:  2    Str:  7    XL:     1   Next: 66%
Magic:  2/3        EV: 12    Int: 17    God:
Gold:   6          SH:  0    Dex: 14    Spells: 3/4 levels left

rFire   . . .      SeeInvis +   (no weapon)
rCold   . . .      Faith    .   (no shield)
rNeg    . . .      Spirit   .   a - +0 robe
rPois   .          Reflect  .   (no helmet)
rElec   .          Harm     .   (no cloak)
rCorr   .          Rampage  .   (no gloves)
Will    .....                   (no boots)
Stlth   ++........              (no amulet)
HPRegen 0.24/turn               (no ring)
MPRegen 0.08/turn               (no ring)

@: healing quickly
A: alive, fangs 3, see invisible, vampiric 1
a: Exsanguinate


You were on level 1 of the Dungeon.
You visited 1 branch of the dungeon, and saw 1 of its levels.

You collected 6 gold pieces.

Inventory:

Armour
 a - a +0 robe (worn)


   Skills:
 + Level 0.2 Fighting
 + Level 2.3 Dodging
 + Level 3.2 Stealth
 + Level 2.0 Spellcasting
 + Level 4.4 Necromancy


You had 3 spell levels left.
You knew the following spells:

 Your Spells              Type           Power      Damage    Failure   Level
a - Pain                  Necr           64%        1d7       3%          1

Your spell library contained the following spells:

 Spells                   Type           Power      Damage    Failure   Level
 Animate Skeleton         Necr           32%        N/A       3%          1
 Vampiric Draining        Necr           16%        2d7       10%         3
 Animate Dead             Necr           8%         N/A       30%         4
 Agony                    Necr           16%        N/A       65%         5


Dungeon Overview and Level Annotations

Branches:
Dungeon (1/15)

Altars:


Innate Abilities, Weirdness & Mutations

Your natural rate of healing is accelerated.
You have razor-sharp teeth.
You have supernaturally acute eyesight. (SInv)
You are afflicted with vampirism.


Message History

The jackal bites you.
You hit the jackal but do no damage.
The jackal is moderately wounded.
The jackal barely misses you. The jackal bites you.
You hit the jackal but do no damage.
The jackal is moderately wounded.
The jackal bites you but does no damage.
You hit the jackal. You bite the jackal.
The jackal is almost dead.
The jackal barely misses you. x2
You hit the jackal.
You kill the jackal!
You hit the jackal.
The jackal is heavily wounded.
The jackal bites you but does no damage.
The jackal barely misses you. The jackal closely misses you.
You begin bloodletting.
You continue bloodletting.
The jackal bites you.
Keep bloodletting? [Y]es or [N]o only, please.
Keep bloodletting? [Y]es or [N]o only, please.
Keep bloodletting? [Y]es or [N]o only, please.
Keep bloodletting?
You stop emptying yourself of blood.
Unknown command.
Casting: Pain (safe; 3% risk of failure)
Confirm with . or Enter, or press ? or * to list all spells.
Aiming: Pain (safe; 3% risk of failure)
Press: ? - help, Shift-Dir - straight line, f - hobgoblin
Aim: a hobgoblin (chance to affect: 86%)
The jackal writhes in agony.
The jackal bites you.
* * * LOW HITPOINT WARNING * * *
The jackal bites you.
* * * LOW HITPOINT WARNING * * *
You closely miss the jackal. Your bite misses the jackal.
The jackal is heavily wounded.
The jackal bites you.
You die...

##.. #### ### #.. #∩∩###∩###.#
#........#.# #÷.........# #..
#.... #.##.......# ... #...#
###.##......†# #.# #...#
#.#..÷....##.######.#.#...#
##..∩∩....##.@hg..#.#.#...#
####.#..#....#######.#...#...####
#∩∩∩..##.....∩# ##.#.# #.......
.....÷.......######..g.###..#####
.............##.........g.......#
...........÷.####.#..#.#.#.####.#
.............# #.#......#...
.............∩ # #.######.#.#
####∩##∩###∩ ... #.#...


You could see a jackal and a hobgoblin.

Vanquished Creatures
  4 jackals (D:1)
4 creatures vanquished.

Notes
Turn   | Place    | Note
-------+----------+-------------------------------------------
     0 | D:1      | Arctor the Vampire Necromancer began the quest for the Orb.
     0 | D:1      | Reached XP level 1. HP: 13/13 MP: 3/3
   111 | D:1      | Slain by a jackal

Illustrated notes

Levels and vault maps discovered:
D:1:      amcnicky_arrival_abandoned_market, layout_basic

Action                   || total
-------------------------++-------
Melee: Unarmed           ||    15
       Bite              ||     3
 Cast: Pain              ||     6
 Abil: Exsanguinate      ||     1
 Stab: Sleeping          ||     1
Armor: Robe              ||     6
Dodge: Dodged            ||    13
